 Dungeon Crawl Stone Soup version 0.32-a0-876-gcfddb08e57 (webtiles) character file.

Game seed: 8033383210497606966

66 rvierbuc the Cudgeller (level 4, 0/34 HPs)
             Began as a Coglin Gladiator on Apr 1, 2024.
             Slain by an adder (1 damage)
             ... on level 2 of the Dungeon.
             The game lasted 00:02:37 (964 turns).

rvierbuc the Cudgeller (Coglin Gladiator)            Turns: 964, Time: 00:03:07

Health: 0/34       AC:  4    Str: 16    XL:     4   Next: 15%
Magic:  4/4        EV: 11    Int:  8    God:
Gold:   35         SH:  0    Dex: 15    Spells: 3/3 levels left

rFire   . . .        a - +0 flail {Haeun}
rCold   . . .        f - +0 dagger {Seoyun}
rNeg    . . .        b - +0 leather armour
rPois   .            c - +0 helmet
rElec   .            (no cloak)
rCorr   .            (no gloves)
SInv    .            (no boots)
Will    .....        (amulet unavailable)
Stlth   +            (ring unavailable)
HPRegen 0.25/turn    (ring unavailable)
MPRegen 0.09/turn    (no gizmo)

%: no passive effects
@: revved
A: off-hand wielding, slow wielding, warmup strikes, no jewellery
a: Invent Gizmo


You were on level 2 of the Dungeon.
You visited 1 branch of the dungeon, and saw 2 of its levels.

You collected 35 gold pieces.

Inventory:

Hand Weapons
 a - a +0 flail (weapon) {Haeun}
 f - a +0 dagger (offhand) {Seoyun}
Missiles
 d - 3 throwing nets (quivered)
 e - a javelin
 j - 4 poisoned darts
Armour
 b - a +0 leather armour (worn)
 c - a +0 helmet (worn)
Jewellery
 m - a +4 ring of protection
Scrolls
 h - a scroll of blinking {unknown}
 i - a scroll of revelation {unknown}
 k - a scroll of identify {unknown}
Potions
 g - a potion of degeneration {unknown}
 l - a potion of lignification {unknown}
 n - a potion of ambrosia {unknown}


   Skills:
 + Level 2.7 Fighting
 + Level 3.2 Maces & Flails
 + Level 2.4 Throwing
 + Level 3.1 Dodging


You had 3 spell levels left.
You didn't know any spells.
Your spell library contained the following spells:

 Spells                   Type           Power      Damage    Failure   Level
 Apportation              Tloc           0%         N/A       47%         1
 Necrotise                Necr           0%         1d4       47%         1
 Sting                    Conj/Alch      0%         1d3       47%         1
 Summon Small Mammal      Summ           0%         N/A       47%         1


Dungeon Overview and Level Annotations

Branches:
Dungeon (2/15)

Altars:

Annotations:
D:2 Robin


Innate Abilities, Weirdness & Mutations

You can wield a second weapon in your off-hand.
It takes a long time for you to wield or remove held weapons.
Your first few attacks do less damage.
You cannot equip rings or amulets.


Message History

You closely miss the adder with your +0 flail.
The adder is moderately wounded.
You miss the adder with your +0 dagger. The adder closely misses you.
You barely miss the adder with your +0 flail.
The adder is moderately wounded.
You completely miss the adder with your +0 dagger.
The adder barely misses you. The adder bites you.
You are poisoned.
The adder poisons you!
You hit the adder but do no damage.
The adder is moderately wounded.
You closely miss the adder with your +0 dagger.
You feel sick. The adder bites you.
* * * LOW HITPOINT WARNING * * *
You miss the adder with your +0 dagger.
The adder is moderately wounded.
You hit the adder with your +0 flail.
You feel sick. The adder bites you but does no damage. The adder bites you.
* * * LOW HITPOINT WARNING * * *
You closely miss the adder with your +0 flail.
The adder is heavily wounded.
You miss the adder with your +0 dagger.
You feel sick. The adder closely misses you.
Okay, then.
You closely miss the adder with your +0 flail.
The adder is heavily wounded.
You hit the adder with your +0 dagger.
You feel sick. The adder bites you.
* * * LOW HITPOINT WARNING * * *
You hit the adder but do no damage.
The adder is severely wounded.
You closely miss the adder with your +0 dagger.
You feel sick. The adder bites you but does no damage. The adder bites you.
* * * LOW HITPOINT WARNING * * *
You hit the adder but do no damage.
The adder is severely wounded.
You closely miss the adder with your +0 dagger.
You feel sick.
You are no longer poisoned.
The adder bites you.
You die...

## ... .... .....
#############......
###
#........)@SgK.....
..#
##.###########......
..####..# . .....
..+.#..## ... S.!.
..#...####..... .g#
...†>.......... ..
###.######..... .
..#.## ... #.....# .


You could see Robin, an adder and a kobold.

Vanquished Creatures
  An adder (D:2)
  A gnoll (D:1)
  A dart slug (D:2)
  3 endoplasms
  A giant cockroach (D:1)
  8 goblins (D:2)
  7 hobgoblins
  4 jackals (D:1)
  A kobold (D:1)
  4 ball pythons
  4 bats
  7 rats
42 creatures vanquished.

Notes
Turn   | Place    | Note
-------+----------+-------------------------------------------
     0 | D:1      | rvierbuc the Coglin Gladiator began the quest for the Orb.
     0 | D:1      | Reached XP level 1. HP: 16/16 MP: 1/1
   223 | D:1      | Reached XP level 2. HP: 22/22 MP: 2/2
   540 | D:1      | Reached XP level 3. HP: 12/28 MP: 3/3
   931 | D:2      | Noticed Robin
   942 | D:2      | Reached XP level 4. HP: 33/34 MP: 4/4
   964 | D:2      | HP: 1/34 [poisoned by an adder]
   964 | D:2      | Slain by an adder

Illustrated notes

Levels and vault maps discovered:
D:1:      lightli_arrival_boilingwater, layout_loops_ring
D:2:      layout_basic, minmay_misc_feat_tiny, uniq_robin,
          uniq_crazy_yiuf_cottage, uniq_jessica

Skill      XL: |  1  2 |
---------------+-------+-----
Throwing       | 2 |  2.4
Maces & Flails | 3 |  3.2
Dodging        | 3 |  3.1
Fighting       | |  2.7

Action                     |  1- 3 |  4- 6 || total
---------------------------+-------+-------++-------
  Melee: Flail             |    78 |    23 ||   101
         Dagger            |    68 |    18 ||    86
   Stab: Sleeping          |     1 |       ||     1
 Armour: Leather armour    |    38 |    24 ||    62
  Dodge: Dodged            |    69 |    14 ||    83

Table legend: (Time is in decaauts)
 A = Elapsed time spent in this place.
 B = Non-inter-level travel time spent in this place.
 C = Inter-level travel time spent in this place.
 D = Time resting spent in this place.
 E = Time spent auto-exploring this place.
 F = Levels seen in this place.
 G = Mean time per level.
                   A        B        C        D        E       F      G
               +--------+--------+--------+--------+--------+-----+--------+
         Total |    981 |    964 |     17 |      0 |    736 |   2 |  490.5 |
       Dungeon |    981 |    964 |     17 |      0 |    736 |   2 |  490.5 |
               +--------+--------+--------+--------+--------+-----+--------+

Top non-repeatable levels by time:
     D:1: 854 daAuts
     D:2: 126 daAuts
